 Dungeon Crawl Stone Soup version 0.24.0-123-gd5b16e6ec5 (webtiles) character file.

Game seed: 1703824831201196034, levelgen mode: deterministic

5071 Bergy the Basher (level 10, 0/58 HPs)
             Began as a Gargoyle Fighter on Jan 2, 2020.
             Was a Believer of Makhleb.
             Slain by a vampire (7 damage)
             ... on level 9 of the Dungeon.
             The game lasted 00:26:59 (10726 turns).

Bergy the Basher (Gargoyle Fighter)                Turns: 10726, Time: 00:26:59

Health: 0/58       AC: 14    Str: 23    XL:     10   Next: 56%
Magic:  10/10      EV:  8    Int:  9    God:    Makhleb [**....]
Gold:   485        SH: 10    Dex:  9    Spells: 9/9 levels left

rFire    . . .     SeeInvis .   u - +2 whip (freeze)
rCold    . . .     Gourm    .   c - +0 shield
rNeg     + . .     Faith    .   b - +0 scale mail
rPois    ∞         Spirit   .   (no helmet)
rElec    +         Reflect  .   (no cloak)
rCorr    .         Harm     .   (no gloves)
MR       .....                  (no boots)
Stlth    ..........             (no amulet)
HPRegen  0.19/turn              (no ring)
MPRegen  0.12/turn              (no ring)

@: no status effects
A: negative energy resistance 1, electricity resistance, unbreathing,
petrification resistance, rot immunity, AC +7
a: Minor Destruction, Renounce Religion


You were on level 9 of the Dungeon.
You worshipped Makhleb.
Makhleb was pleased with you.
You were not hungry.

You visited 2 branches of the dungeon, and saw 10 of its levels.

You collected 485 gold pieces.

Inventory:

Hand Weapons
 u - a +2 whip of freezing (weapon)
 x - a +3 mace
Armour
 b - a +0 scale mail (worn)
 c - a +0 shield (worn)
Wands
 d - a wand of polymorph (10)
 n - a wand of acid (13)
 r - a wand of iceblast (22)
 y - a wand of random effects (18)
 C - a wand of flame (32)
Scrolls
 e - a scroll of immolation {unknown}
 g - 2 scrolls of enchant weapon
 h - 5 scrolls of remove curse
 i - 2 scrolls of teleportation
 o - a scroll of acquirement {unknown}
 p - 2 scrolls of fog
 q - a scroll of enchant armour {unknown}
 v - 2 scrolls of blinking
 w - a scroll of fear {unknown}
 z - 2 scrolls of amnesia
 D - a scroll of magic mapping {unknown}
Potions
 a - 2 potions of haste {unknown}
 k - 2 potions of heal wounds
 l - 2 potions of might
 m - 2 potions of agility
 s - a potion of lignification {unknown}
 t - a potion of brilliance {unknown}
 A - a potion of mutation {unknown}
 B - a potion of resistance {unknown}
Comestibles
 f - 20 rations


   Skills:
 + Level 4.8 Fighting
 - Level 12.9 Maces & Flails
 + Level 6.0 Armour
 * Level 6.8 Shields


You had 9 spell levels left.
You didn't know any spells.
Your spell library contained the following spells:

 Spells                   Type           Power        Failure   Level  Hunger
 Confusing Touch          Hex            #.....       95%         1    ##.....
 Magic Dart               Conj           #...         95%         1    ##.....
 Sandblast                Erth           #.....       95%         1    ##.....
 Blink                    Tloc           N/A          99%         2    ###....
 Call Imp                 Summ           #.......     99%         2    ###....
 Passwall                 Tmut/Erth      #.......     99%         2    ###....
 Slow                     Hex            #.......     99%         2    ###....
 Confuse                  Hex            #.......     100%        3    ####...
 Conjure Flame            Conj/Fire      #.......     100%        3    ####...
 Gell's Gravitas          Tloc           #.........   100%        3    ####...
 Mephitic Cloud           Conj/Pois/Air  #.......     100%        3    ####...
 Stone Arrow              Conj/Erth      #.....       100%        3    ####...
 Petrify                  Tmut/Erth      #.......     100%        4    #####..
 Lee's Rapid Deconstruct  Erth           #.........   100%        5    ######.
 Metabolic Englaciation   Hex/Ice        #.........   100%        5    ######.
 Yara's Violent Unravell  Hex/Tmut       #.........   100%        5    ######.


Dungeon Overview and Level Annotations

Branches:
Dungeon (9/15)             Temple (1/1) D:5
   Lair: D:8-11         Orc: D:9-12

Altars:
Ashenzari
Cheibriados
Dithmenos
Elyvilon
Fedhas
Gozag
Hepliaklqana
Kikubaaqudgha
Makhleb
Nemelex Xobeh
Okawaru
Qazlal
Ru
Sif Muna
Trog
Uskayaw
Vehumet
Wu Jian
Xom
Yredelemnul
Zin
The Shining One

Shops:
D:6 =[:?:   D:8 ?

Annotations:
D:4 2 transporters, demivan's ghost, amateur MiFi
D:9 3 runed translucent doors


Innate Abilities, Weirdness & Mutations

You are resistant to torment.
Your stone body is resilient. (AC +7)
You are immune to poison.
You resist negative energy. (rN+)
You are resistant to electric shocks. (rElec)
You can survive without breathing.
You are immune to petrification.
You are immune to rotting.


Message History

You hit something. You closely miss something. You block something's attack.
Something bites you.
You hit something. Something hits you but does no damage.
Something bites you but does no damage.
You closely miss something. You hit something but do no damage.
Something hits you but does no damage. Something bites you.
You closely miss something. You barely miss something.
You block something's attack. Something bites you but does no damage.
You hit something. You hit something. You freeze something.
Unholy energy fills the air.
* * * LOW HITPOINT WARNING * * *
You miss something. Something hits you.
* * * LOW HITPOINT WARNING * * *
Something bites you.
* * * LOW HITPOINT WARNING * * *
You hit something but do no damage. You hit something but do no damage.
Something hits you!
You die...

.....#...#.#ooo.oo.......
... ..####.####.oo.#####....
...##.#....##.#.###.
....#.#.......#
.............##
........(.....#
............#.##############
..........#{#...........##..
#.........#@#.#..^..........
#.........†..##.[.......#...
#...........................
###.................<...##..
#......................##..
#........................##.
###.........................
##........................
..................


There were no monsters in sight!

Vanquished Creatures
  Pikel (D:7)
  A hippogriff (D:9)
  A human (D:7)
  2 wyverns (D:9)
  4 hogs (D:7)
  Menkaure (D:6)
  A water moccasin (D:5)
  An orc warrior (D:8)
  2 phantoms (D:9)
  2 sky beasts
  A slave (D:7)
  3 ice beasts (D:5)
  An ogre (D:8)
  A necrophage (D:8)
  A centaur (D:5)
  A crocodile (D:9)
  Blork the orc (D:4)
  5 bullfrogs
  3 scorpions
  12 wights
  2 centaur zombies
  2 crimson imps
  2 bullfrog skeletons
  A centaur skeleton (D:9)
  2 hounds (D:5)
  A jelly (D:6)
  4 orc wizards
  4 orc priests
  4 iguanas
  Ijyb (D:4)
  7 worker ants
  A killer bee zombie (D:7)
  Robin (D:1)
  4 gnolls (D:4)
  9 adders
  2 shadow imps (D:5)
  2 oozes
  An adder zombie (D:6)
  An adder skeleton (D:4)
  4 worms
  A dart slug (D:2)
  2 leopard geckos
  17 orcs
  A giant cockroach (D:3)
  13 goblins
  7 hobgoblins
  3 jackals (D:5)
  3 kobolds
  4 quokkas
  A ball python (D:2)
  8 bats
  2 frilled lizards
  A jackal skeleton (D:4)
  A quokka skeleton (D:5)
  12 rats
176 creatures vanquished.

Vanquished Creatures (others)
  5 plants (D:4)
5 creatures vanquished.

Grand Total: 181 creatures vanquished

Notes
Turn   | Place    | Note
-------+----------+-------------------------------------------
     0 | D:1      | Bergy the Gargoyle Fighter began the quest for the Orb.
     0 | D:1      | Reached XP level 1. HP: 14/14 MP: 1/1
   157 | D:1      | Reached XP level 2. HP: 19/19 MP: 2/2
   538 | D:1      | Reached skill level 3 in Maces & Flails
   666 | D:2      | Noticed Robin
   676 | D:1      | Killed Robin
   676 | D:1      | Reached XP level 3. HP: 22/23 MP: 3/3
   851 | D:2      | Reached skill level 4 in Maces & Flails
   941 | D:2      | Reached XP level 4. HP: 28/28 MP: 4/4
  2206 | D:3      | Reached skill level 5 in Maces & Flails
  2206 | D:3      | Reached XP level 5. HP: 19/32 MP: 5/5
  2471 | D:3      | Found a stormy altar of Qazlal.
  3050 | D:4      | Identified the +6 halberd of Checkmate {venom, *Rage rF+
                  | rC+++ Int+6 Dex-3}
  3070 | D:4      | Found a transporter.
  3076 | D:4      | Found a transporter.
  3135 | D:4      | Reached skill level 6 in Maces & Flails
  3140 | D:4      | Reached XP level 6. HP: 12/37 MP: 6/6
  3406 | D:4      | Noticed demivan's ghost (amateur MiFi)
  3485 | D:4      | Noticed Ijyb
  3518 | D:4      | Killed Ijyb
  3613 | D:4      | Noticed Blork the orc
  3641 | D:4      | Killed Blork the orc
  3728 | D:5      | Entered Level 5 of the Dungeon
  3728 | D:5      | Found a staircase to the Ecumenical Temple.
  3728 | D:5      | Noticed a water moccasin
  3733 | D:5      | Reached skill level 7 in Maces & Flails
  3750 | D:5      | Killed a water moccasin
  3750 | D:5      | Reached XP level 7. HP: 8/41 MP: 7/7
  4012 | Temple   | Entered the Ecumenical Temple
  4304 | Temple   | Became a worshipper of Makhleb the Destroyer
  4326 | D:5      | Reached skill level 8 in Maces & Flails
  4366 | D:5      | Found a shattered altar of Ashenzari.
  5116 | D:5      | Reached skill level 9 in Maces & Flails
  5116 | D:5      | Reached XP level 8. HP: 22/46 MP: 8/8
  6030 | D:6      | Reached skill level 10 in Maces & Flails
  6290 | D:6      | Found Neobraco's Armour Shop.
  6366 | D:6      | Found Saez's Book Shop.
  6622 | D:6      | Reached skill level 11 in Maces & Flails
  6643 | D:6      | Reached * piety under Makhleb
  6713 | D:6      | Found Tian Usousm's Book Emporium.
  6736 | D:6      | Found Petyreq's Magic Scroll Shoppe.
  6764 | D:6      | Found Aves's Jewellery Shoppe.
  6778 | D:6      | Reached XP level 9. HP: 49/51 MP: 9/9
  7263 | D:6      | Noticed Menkaure
  7276 | D:6      | Killed Menkaure
  7662 | D:7      | Reached skill level 12 in Maces & Flails
  7941 | D:7      | Noticed Pikel
  7961 | D:7      | Paralysed by Pikel for 7 turns
  7976 | D:7      | Paralysed by Pikel for 3 turns
  7982 | D:7      | Killed Pikel
  8695 | D:7      | Noticed a moth of wrath
  8698 | D:7      | Found a bloodstained altar of Trog.
  8888 | D:7      | Reached XP level 10. HP: 54/56 MP: 10/10
  8911 | D:7      | Reached skill level 5 in Shields
  8943 | D:7      | Reached ** piety under Makhleb
  8943 | D:7      | Reached skill level 5 in Armour
  9090 | D:8      | Found Hopsageby's Magic Scroll Shoppe.
  9710 | D:9      | Found a runed translucent gate.
  9710 | D:9      | Found a runed translucent gate.
  9710 | D:9      | Found a runed translucent gate.
 10151 | D:9      | Identified the +4 battleaxe of Dawn {chop, rF+ Str-3 Int+3}
 10160 | D:9      | Identified the +7 chain mail of the Sixty-Six Gods {MR+
                  | SInv}
 10596 | D:9      | Got an ebony quarterstaff
 10726 | D:9      | Slain by a vampire

Levels and vault maps discovered:
D:1:      minmay_arrival_widening_spiral_wide, layout_loops_cross
D:2:      layout_loops_cross, uniq_robin
D:3:      layout_loops_ring, nicolae_qazlal_general_emergency, first_ration
D:4:      layout_rooms, gammafunk_ghost_gnarly_gnolls, uniq_blork_the_orc,
          uniq_ijyb
D:5:      layout_layer_cave, minmay_temple_entry_large_hall,
          minmay_crystal_room, ashenzari_altar_1
D:6:      layout_loops_cross, serial_shops, shop_scrolls,
          nicolae_shop_waterfront, nicolae_shop_crystal, kennysheep_mini_moat,
          nicolae_shop_stone, uniq_menkaure
D:7:      layout_loops_ring, grunt_livestock, tgw_trog, uniq_pikel
D:8:      layout_loops_ring, serial_shops, shop
D:9:      layout_cave_pools, biasface_ghost_orc_armoury, uniq_joseph
Temple:   compressed_dpeg_triangle_lava_temple

Skill      XL: |  1  2  3  4  5  6  7  8  9 10 |
---------------+-------------------------------+-----
Maces & Flails | 3 4 5 6 7 9 11 12 | 12.9
Shields        | 4 6 |  6.8
Armour         | 4 6 |  6.0
Fighting       | 4 |  4.8

Action                   |  1- 3 |  4- 6 |  7- 9 | 10-12 || total
-------------------------+-------+-------+-------+-------++-------
Melee: Flail             |   112 |   239 |   322 |       ||   673
       Mace              |       |       |   139 |       ||   139
       Whip              |       |       |   130 |   298 ||   428
  Use: Potion            |       |     3 |     6 |     1 ||    10
       Scroll            |       |       |     8 |     3 ||    11
  Eat: Chunk             |       |     4 |     9 |     1 ||    14
       Ration            |       |     2 |     2 |     2 ||     6
Armor: Scale mail        |    82 |   103 |   240 |    85 ||   510
Dodge: Dodged            |    28 |    68 |   128 |    32 ||   256
Block: Shield            |    57 |   124 |   230 |    76 ||   487
